 Dungeon Crawl Stone Soup version 0.31-a0-145-g046c7d2549 (webtiles) character file.

Game seed: 15426476526615682159

1831 xian the Sneak (level 8, -1/58 HPs)
             Began as a Demonspawn Enchanter on June 3, 2023.
             Was a Believer of Makhleb.
             Slain by a killer bee (3 damage)
             ... on level 7 of the Dungeon on June 5, 2023.
             The game lasted 00:25:19 (6054 turns).

xian the Sneak (Demonspawn Enchanter)               Turns: 6054, Time: 00:25:20

Health: -1/58      AC:  5    Str: 18    XL:     8   Next: 86%
Magic:  12/12      EV: 13    Int: 17    God:    Makhleb [**....]
Gold:   310        SH:  0    Dex: 15    Spells: 7/12 levels left

rFire   + + +        x - +7 long sword of Corporal Punishment {spect, rElec rF+++ rN++ Str-5}
rCold   . . .        (no shield)
rNeg    + + .        m - +0 leather armour
rPois   .            z - +0 helmet
rElec   +            (no cloak)
rCorr   .            h - +0 pair of gloves
SInv    .            (no boots)
Will    .....        t - amulet of the acrobat
Stlth   ++++         j - +6 ring of strength
HPRegen 0.29/turn    G - +6 ring of strength
MPRegen 0.13/turn

%: acrobat
@: lethally poisoned (-1 -> -8)
A: hooves 2, thin skeletal structure 1, powered by death 2, powered by pain 1
a: Renounce Religion, Minor Destruction


You were on level 7 of the Dungeon.
You worshipped Makhleb.
Makhleb was pleased with you.
You visited 1 branch of the dungeon, and saw 7 of its levels.

You collected 464 gold pieces.
You spent 154 gold pieces at shops.

Inventory:

Hand Weapons
 x - the +7 long sword of Corporal Punishment (weapon) {spect, rElec rF+++ rN++ Str-5}
   (You found it on level 5 of the Dungeon)

   Str:       It affects your strength (-5).
   rF:        It renders you almost immune to fire.
   rElec:     It insulates you from electricity.
   rN:        It greatly protects you from negative energy.
 B - a +2 sling of electrocution
Missiles
 o - a throwing net (quivered)
 q - 3 poisoned darts
 A - 8 boomerangs
 D - 5 javelins
Armour
 h - a +0 pair of gloves (worn)
 m - a +0 leather armour (worn)
 y - a +0 tower shield
 z - a +0 helmet (worn)
Jewellery
 j - a +6 ring of strength (left hand)
 l - a ring of flight
 t - an amulet of the acrobat (around neck)
 E - a +5 ring of evasion
 G - a +6 ring of strength (right hand)
Wands
 v - a wand of acid (5)
Scrolls
 b - 2 scrolls of vulnerability {unknown}
 d - a scroll of amnesia {unknown}
 f - a scroll of enchant armour {unknown}
 g - 2 scrolls of enchant weapon
 p - 3 scrolls of immolation
 r - 2 scrolls of fear {unknown}
 u - a scroll of magic mapping
 w - a scroll of blinking
 C - a scroll of poison
Potions
 a - a potion of mutation {unknown}
 c - a potion of invisibility
 e - 4 potions of curing
 i - 3 potions of resistance {unknown}
 k - 2 potions of berserk rage {unknown}
 n - a potion of cancellation {unknown}
 s - 4 potions of haste {unknown}
 F - a potion of lignification {unknown}
 H - a potion of enlightenment {unknown}
 I - a potion of brilliance {unknown}


   Skills:
 + Level 3.5 Fighting
 + Level 4.3(4.5) Short Blades
 + Level 2.0(3.4) Long Blades
 + Level 3.9 Ranged Weapons
 + Level 0.1 Throwing
 + Level 2.6 Armour
 + Level 3.8 Dodging
 + Level 4.8 Stealth
 * Level 3.0 Shields
 + Level 2.6 Spellcasting
 + Level 3.5 Hexes
 + Level 1.1 Ice Magic


You had 7 spell levels left.
You knew the following spells:

 Your Spells              Type           Power      Damage    Failure   Level
a - Ensorcelled Hibernat  Hex/Ice        20%        N/A       12%         2
b - Confusing Touch       Hex            14%        N/A       16%         3

Your spell library contained the following spells:

 Spells                   Type           Power      Damage    Failure   Level
 Tukima's Dance           Hex            14%        N/A       16%         3
 Kiss of Death            Conj/Necr      8%         2d6       22%         1
 Dazzling Flash           Conj/Hex       16%        N/A       30%         3
 Spider Form              Tmut/Pois      2%         N/A       54%         3
 Anguish                  Hex/Necr       4%         N/A       71%         4
 Dispel Undead            Necr           2%         3d7       91%         4
 Silence                  Hex/Air        4%         N/A       96%         5
 Agony                    Necr           2%         N/A       99%         5


Dungeon Overview and Level Annotations

Branches:
Dungeon (7/15)             Temple (0/1) D:4

Altars:
Cheibriados
Fedhas
Gozag
Hepliaklqana
Kikubaaqudgha
Makhleb
Nemelex Xobeh
Trog
Vehumet
Xom

Shops:
D:2 (   D:3 *   D:5 ?   D:6 *

Annotations:
D:4 3 runed translucent doors, pokeman's ghost, amateur DEHW


Innate Abilities, Weirdness & Mutations

You have hoof-like feet.
You have a somewhat thin skeletal structure. (Dex +2, Stealth+)
You regenerate health from kills.
You sometimes gain a little power by taking damage.


Message History

The killer bee is lightly wounded.
You feel sick.
You are no longer poisoned.
The killer bee stings you.
* * * LOW HITPOINT WARNING * * *
The killer bee misses you.
You closely miss the killer bee. Your kick misses the killer bee.
The killer bee is lightly wounded.
The killer bee stings you.
* * * LOW HITPOINT WARNING * * *
You are lethally poisoned!
The killer bee poisons you! The killer bee completely misses you.
The killer bee misses you.
You closely miss the killer bee. Your kick misses the killer bee.
The killer bee is lightly wounded.
* * * LOW HITPOINT WARNING * * *
You feel very sick.
The killer bee stings you but does no damage.
The killer bee misses you.
You are too injured to fight recklessly!
You feel better. The killer bee closely misses you. The killer bee stings you.
* * * LOW HITPOINT WARNING * * *
You slash the killer bee! You kick the killer bee.
The killer bee is almost dead.
The killer bee stings you but does no damage.
The killer bee closely misses you. The killer bee barely misses you.
Unknown command.
You miss the killer bee. Your kick misses the killer bee.
The killer bee is almost dead.
The killer bee misses you. The killer bee closely misses you.
Unknown command.
You miss the killer bee.
The killer bee is severely wounded.
The killer bee stings you.
* * * LOW HITPOINT WARNING * * *
You are lethally poisoned!
The killer bee poisons you! The killer bee stings you.
* * * LOW HITPOINT WARNING * * *
The killer bee stings you.
You die...

#. #. ##.
#... ..
#..... #.##
#......
..##........
#.#...y.....
#@#.....!....
#y#.y.....♣..
#y'........♣
#.#
#.y......?.♣
#<#
#.#.......♣..
#.#
#.#..........
#.#
#.#..........
#.#
#.##...)....$
######.#
#..##........


You could see 3 killer bees.

Vanquished Creatures
  A slime creature (D:7)
  Edmund (D:4)
  2 ice beasts
  A sky beast (D:7)
  An ogre (D:4)
  3 black bears
  An elf zombie (D:4)
  An elf skeleton (D:4)
  A scorpion (D:4)
  2 killer bees
  A howler monkey (D:6)
  3 hounds
  2 jellies
  2 human zombies (D:4)
  3 iguanas
  3 orc wizards
  Robin (D:4)
  7 gnolls
  4 adders
  A shadow imp (D:6)
  A white imp (D:6)
  An ufetubus (D:6)
  2 dart slugs (D:2)
  4 worms
  13 orcs
  7 ball pythons
  9 bats
  8 endoplasms
  6 giant cockroaches
  15 goblins
  16 hobgoblins
  4 jackals (D:3)
  7 kobolds
  2 quokkas
  An orc skeleton (D:4)
  An orc zombie (D:4)
  10 rats
148 creatures vanquished.

Notes
Turn   | Place    | Note
-------+----------+-------------------------------------------
     0 | D:1      | xian the Demonspawn Enchanter began the quest for the Orb.
     0 | D:1      | Reached XP level 1. HP: 13/13 MP: 3/3
   190 | D:1      | Gained mutation: You have large cloven feet. [demonic
                  | ancestry]
   190 | D:1      | Reached XP level 2. HP: 18/19 MP: 5/5
   191 | D:1      | Upgraded the game from 0.31-a0-142-g31f6795574 to
                  | 0.31-a0-145-g046c7d2549
   968 | D:2      | Gained mutation: You sometimes gain a little power by
                  | taking damage. [demonic ancestry]
   968 | D:2      | Reached XP level 3. HP: 20/25 MP: 6/6
   975 | D:2      | Reached skill level 1 in Short Blades
  1091 | D:2      | Found Neuro's Antique Weapon Emporium.
  1225 | D:2      | Learned a level 2 spell: Ensorcelled Hibernation
  1229 | D:2      | Learned a level 3 spell: Confusing Touch
  1693 | D:3      | Found an ancient bone altar of Kikubaaqudgha.
  1747 | D:3      | Gained mutation: You regenerate a little health from kills.
                  | [demonic ancestry]
  1747 | D:3      | Reached XP level 4. HP: 29/31 MP: 7/7
  1795 | D:3      | Found Zin's Purification Station.
  2014 | D:3      | Found a bloodstained altar of Trog.
  2194 | D:3      | Found a faded altar of an unknown god.
  2211 | D:3      | Reached skill level 1 in Fighting
  2656 | D:3      | Found a sparkling altar of Nemelex Xobeh.
  2659 | D:3      | Found a shimmering altar of Xom.
  2663 | D:3      | Found a burning altar of Makhleb.
  2878 | D:3      | Became a worshipper of Makhleb the Destroyer
  2960 | D:4      | Noticed an ogre
  2971 | D:4      | Killed an ogre
  2972 | D:4      | Reached XP level 5. HP: 19/37 MP: 8/8
  3007 | D:4      | You are sucked into a shaft and drop 3 floors!
  3087 | D:6      | Found a snail-covered altar of Cheibriados.
  3087 | D:6      | Found an opulent altar of Gozag.
  3148 | D:6      | Found Naegy's Assorted Antiques.
  3155 | D:6      | Bought a scroll labelled YXAPSEPS WIOWNY for 19 gold pieces
  3155 | D:6      | Bought a scroll labelled CUOMAMMOISU for 19 gold pieces
  3155 | D:6      | Bought a scroll labelled HASA XAWNUS for 19 gold pieces
  3167 | D:6      | Noticed a black bear
  3176 | D:6      | Killed a black bear
  3195 | D:6      | Gained mutation: You regenerate health from kills. [demonic
                  | ancestry]
  3195 | D:6      | Reached XP level 6. HP: 41/44 MP: 9/9
  3325 | D:5      | Entered Level 5 of the Dungeon
  3454 | D:4      | Found a staircase to the Ecumenical Temple.
  3637 | D:4      | Reached * piety under Makhleb
  3656 | D:4      | Reached skill level 1 in Armour
  3661 | D:4      | Gained mutation: You have hoof-like feet. [demonic
                  | ancestry]
  3661 | D:4      | Reached XP level 7. HP: 33/50 MP: 10/10
  3918 | D:4      | Noticed Robin
  3933 | D:4      | Killed Robin
  4136 | D:4      | Found a hazy altar of Hepliaklqana.
  4495 | D:4      | Noticed Edmund
  4511 | D:4      | Killed Edmund
  4512 | D:4      | Reached skill level 1 in Ranged Weapons
  4512 | D:4      | Reached skill level 1 in Shields
  4512 | D:4      | Reached skill level 1 in Ice Magic
  4547 | D:4      | Gained mutation: You have a somewhat thin skeletal
                  | structure. (Dex +2, Stealth+) [demonic ancestry]
  4547 | D:4      | Reached XP level 8. HP: 19/58 MP: 7/11
  4831 | D:4      | Found a runed translucent gate.
  4831 | D:4      | Found a runed translucent gate.
  4831 | D:4      | Found a runed translucent gate.
  4831 | D:4      | Noticed pokeman's ghost (amateur DEHW)
  4879 | D:5      | Found a radiant altar of Vehumet.
  4889 | D:5      | Identified the +7 long sword of Corporal Punishment {spect,
                  | rElec rF+++ rN++ Str-5}
  4969 | D:5      | Reached ** piety under Makhleb
  5225 | D:5      | Identified the +9 whip of Overwhelming Force {flame, rC+
                  | rN+}
  5245 | D:5      | Found Xoehed's Magic Scroll Shop.
  5256 | D:5      | Reached skill level 1 in Long Blades
  5272 | D:5      | Bought a scroll of blinking for 97 gold pieces
  5813 | D:6      | Found a blossoming altar of Fedhas.
  6028 | D:7      | Noticed a slime creature
  6044 | D:7      | Killed a slime creature
  6054 | D:7      | HP: 2/58 [killer bee (5)]
  6054 | D:7      | Slain by a killer bee

Illustrated notes

Levels and vault maps discovered:
D:1:      ncdulo_smallfort, layout_loops_ring, dreamdust_wishing_well,
          kennysheep_doodads, minmay_misc_feat_four_crosses,
          kennysheep_flooded_box, grunt_decor_mini_mirrors
D:2:      layout_basic, serial_shops, shop
D:3:      layout_basic, mainiacjoe_overflow_six_doors_small, zin_purify,
          mainiacjoe_overflow_alcove_1, grunt_temple_overflow_diamond,
          shapermc_ecumenical_altar_notcrosses, roderic_cross_of_infinity
D:4:      layout_loops_ring, amcnicky_altar_gilded,
          minmay_temple_entry_sparse_star, serial_co_window_serial,
          co_window_corner_a, co_window_paths_a, co_window_paths_a,
          co_window_of_opportunity_a, co_window_cross_1, co_window_paths_a,
          co_window_of_opportunity_a, co_window_broadway_a,
          co_window_of_opportunity_c, co_window_broadway_b, glass_columns_a,
          glass_columns_a, nicolae_ossuary_entry_catacombs,
          gammafunk_ghost_nasty_kobolds, abandoned_shop, uniq_robin, uniq_edmund
D:5:      layout_basic, mainiacjoe_overflow_brackets, serial_shops, shop,
          eino_small_chamber_without_monster
D:6:      minmay_recursive_quarters, layout_cave_pools,
          mainiacjoe_overflow_surrounded_room, gammafunk_temple_overflow_wave,
          serial_shops, shop
D:7:      kennysheep_big_flooded_room, layout_rooms, uniq_crazy_yiuf_cottage,
          uniq_maggie

Skill      XL: |  1  2  3  4  5  6  7  8 |
---------------+-------------------------+-----
Dodging        | 2 3 |  3.8
Stealth        | 3 4 |  4.8
Short Blades   | 1 2 3 4 |  4.3
Fighting       | 1 2 3 |  3.5
Armour         | 1 2 |  2.6
Ranged Weapons | 1 3 |  3.9
Shields        | 1 3 |  3.0
Ice Magic      | 1 |  1.1
Long Blades    | 2 |  2.0
Throwing       | |  0.1
Spellcasting   | |  2.6
Hexes          | |  3.5

Action                     |  1- 3 |  4- 6 |  7- 9 || total
---------------------------+-------+-------+-------++-------
  Melee: Dagger            |    71 |       |       ||    71
         Punch             |     1 |     2 |     1 ||     4
         Rapier            |    72 |    20 |       ||    92
         Kick              |    27 |    32 |    34 ||    93
         Short sword       |       |    96 |    78 ||   174
         Long sword        |       |       |    36 ||    36
   Fire: Sling             |       |       |   103 ||   103
  Throw: Stone             |       |       |     3 ||     3
   Cast: Ensorcelled Hiber |       |     4 |    12 ||    16
    Use: Scroll            |       |     7 |       ||     7
         Potion            |       |       |     3 ||     3
   Stab: Sleeping          |     8 |     6 |     6 ||    20
         Invisible         |       |       |     1 ||     1
 Armour: Robe              |    23 |     3 |       ||    26
         Leather armour    |       |    32 |    35 ||    67
  Dodge: Dodged            |   104 |    79 |   109 ||   292

Table legend: (Time is in decaauts)
 A = Elapsed time spent in this place.
 B = Non-inter-level travel time spent in this place.
 C = Inter-level travel time spent in this place.
 D = Time resting spent in this place.
 E = Time spent auto-exploring this place.
 F = Levels seen in this place.
 G = Mean time per level.
                   A        B        C        D        E       F      G
               +--------+--------+--------+--------+--------+-----+--------+
         Total |   6057 |   5878 |    179 |      0 |   3694 |   7 |  865.3 |
       Dungeon |   6057 |   5878 |    179 |      0 |   3694 |   7 |  865.3 |
               +--------+--------+--------+--------+--------+-----+--------+

Top non-repeatable levels by time:
     D:4: 1452 daAuts
     D:3: 1317 daAuts
     D:1: 907 daAuts
     D:6: 750 daAuts
     D:2: 742 daAuts
     D:5: 697 daAuts
     D:7: 189 daAuts
